AoeStats
← Dicens

Arabia

509798432Analyzed
1v1 RM · 3d ago on Sep 28, 2026· 59m 36s· 2 players
Game mode
Random Map
Map size
Tiny (2 player)
Population
200
Speed
Normal
Resources
Standard
Victory
Conquest
Starting age
Dark Age
Ending age
Imperial Age
RankedLock teamsTeams togetherTeam positionsShared explorationLock speedFull tech treeHidden civsTurbo modeCheats
Victory
Defeat
🇲🇽 Franks · Mexico
1256
+15
🇦🇷 Jurchens · Argentina
1225
-15
Goicoca
4:55 Loom
9:39 Feudal Age
10:11 Double-Bit Axe
20:07 Castle Age
18:16 Gold Mining
18:24 Horse Collar
19:28 Forging
19:41 Arson
20:00 Scale Mail Armor
20:38 Gambesons
20:53 Squires
22:33 Bow Saw
26:15 Iron Casting
25:31 Elite Skirmisher
26:20 Fletching
26:30 Padded Archer Armor
29:05 Bodkin Arrow
29:25 Leather Archer Armor
29:44 Leather Archer Armor
31:19 Ballistics
31:38 Iron Casting
32:35 Wheelbarrow
31:49 Town Watch
34:31 Chain Mail Armor
37:18 Imperial Age
36:39 Heavy Plow
39:06 Chemistry
37:31 Elite Fire Lancer
38:14 Bracer
38:44 Ring Archer Armor
40:28 Blast Furnace
39:58 Ring Archer Armor
42:26 Hand Cart
42:12 Town Patrol
43:03 Conscription
45:32 Pikeman
47:02 Halberdier
Dicens
6:27 Loom
9:30 Feudal Age
10:01 Double-Bit Axe
20:51 Castle Age
18:59 Gold Mining
19:40 Stone Mining
20:45 Fletching
22:18 Bow Saw
22:49 Wheelbarrow
22:37 Bodkin Arrow
24:19 Gold Shaft Mining
24:05 Ordonnance Companies
25:10 Padded Archer Armor
26:39 Town Watch
28:01 Ballistics
28:36 Husbandry
32:35 Scale Barding Armor
34:57 Chain Barding Armor
34:51 Herbal Medicine
35:18 Leather Archer Armor
35:54 Hand Cart
36:10 Forging
39:46 Imperial Age
39:03 Iron Casting
40:17 Scale Mail Armor
41:29 Conscription
40:32 Cranequins
41:52 Plate Barding Armor
41:32 Murder Holes
42:39 Chemistry
42:09 Masonry
41:40 Cavalier
42:25 Chivalry
43:08 Hoardings
44:03 Blast Furnace
44:09 Heavy Mounted Crossbowman
46:21 Architecture
46:37 Paladin
48:02 Light Cavalry
51:02 Siege Engineers
54:42 Treadmill Crane
Connection lost

Rejoining the realm…

Still unreachable

The connection could not be restored.

Session expired

The server has moved on; the page needs a fresh start.